AoeStats
← Minmaj

Pilgrims

510075430Analyzed
4v4 RM · 3d ago on Sep 29, 2026· 33m 19s· 8 players
Game mode
Random Map
Map size
Large (8 player)
Population
200
Speed
Normal
Resources
Standard
Victory
Conquest
Starting age
Dark Age
Ending age
Imperial Age
RankedLock teamsTeams togetherTeam positionsShared explorationLock speedFull tech treeHidden civsTurbo modeCheats
Victory
Defeat
🇨🇳 Vietnamese · China
1226
+10
🇭🇰 Mongols · Hong Kong SAR China
1020
+18
🇨🇳 Dravidians · China
987
+19
🇨🇳 Varangians · China
854
+25
🇹🇷 Khmer · Türkiye
1085
-18
🇬🇧 Japanese · United Kingdom
1083
-19
🇹🇷 Huns · Türkiye
1071
-18
🇬🇧 Teutons · United Kingdom
1029
-17
Benjings
12:35 Feudal Age
13:15 Double-Bit Axe
13:45 Fishing Lines
16:13 Horse Collar
19:29 Castle Age
21:02 Wheelbarrow
23:26 Heavy Plow
24:21 Fletching
25:19 Hand Cart
31:29 Scale Mail Armor
Lampy
10:15 Feudal Age
8:47 Loom
12:33 Man-at-Arms
12:55 Man-at-Arms
21:11 Castle Age
19:20 Scale Mail Armor
19:30 Forging
21:42 Stone Mining
21:44 Gold Mining
23:46 Fletching
24:32 Iron Casting
25:11 Pikeman
27:16 Murder Holes
30:30 Squires
Minmaj
12:22 Feudal Age
13:54 Loom
16:38 Castle Age
15:13 Loom
16:14 Double-Bit Axe
16:10 Horse Collar
17:30 Scale Barding Armor
17:36 Forging
18:17 Bloodlines
18:08 Husbandry
20:07 Demolition Ship
21:53 Chain Barding Armor
22:22 Padded Archer Armor
22:13 Fletching
22:45 Heavy Plow
23:15 Medium Warships
31:02 Bow Saw
Re1gn
11:20 Feudal Age
15:03 Castle Age
15:10 Loom
16:00 Wheelbarrow
16:55 Medium Warships
20:27 Gold Mining
20:27 Stone Mining
20:27 Double-Bit Axe
21:25 Hand Cart
21:51 Gold Shaft Mining
30:12 Imperial Age
27:28 Town Watch
32:09 Double Crossbow
83716497273
10:54 Loom
13:09 Feudal Age
14:21 Fishing Lines
16:58 Castle Age
14:54 Double-Bit Axe
16:37 Fletching
17:49 Bodkin Arrow
18:11 Bow Saw
19:46 Ballistics
19:29 Gillnets
19:59 Clinker Construction
20:00 Careening
21:59 Town Watch
24:00 Wheelbarrow
25:06 Hand Cart
24:54 Town Patrol
32:58 Gold Mining
35:50 Imperial Age
碰我村民就投
12:30 Loom
18:16 Feudal Age
20:33 Fishing Lines
29:18 Castle Age
32:03 Castle Age
老徐
11:39 Feudal Age
11:58 Loom
12:21 Double-Bit Axe
13:16 Fishing Lines
13:39 Gold Mining
13:40 Stone Mining
13:35 Horse Collar
16:53 Castle Age
15:08 Fletching
15:20 Padded Archer Armor
18:25 Bow Saw
18:07 Gillnets
18:19 Heavy Plow
19:05 Bodkin Arrow
20:14 Chatras
20:22 Scale Barding Armor
20:27 Forging
21:09 Stone Shaft Mining
22:01 Chain Barding Armor
22:24 Wheelbarrow
22:22 Bloodlines
23:01 Iron Casting
23:30 Husbandry
32:31 Iron Casting
Eleangt
5:05 Loom
12:15 Feudal Age
12:58 Double-Bit Axe
19:19 Castle Age
19:57 Forging
20:13 Medium Warships
20:37 Bow Saw
20:26 Town Watch
23:13 Wheelbarrow
23:26 Fishing Lines
30:38 Imperial Age
29:12 Fletching
29:45 Ballistics
29:23 Gillnets
30:24 Bodkin Arrow
31:40 Bracer
33:00 Padded Archer Armor
34:42 Chemistry
Connection lost

Rejoining the realm…

Still unreachable

The connection could not be restored.

Session expired

The server has moved on; the page needs a fresh start.